Construct Infanterie Kompanie
Selects Mechanized Battlegroup
Construct Luftwaffe Kompanie
Flak 30 Anti-aircraft Gun Team
Luftwaffe Officer Quarters
Construct Panzer Kompanie
Selects StuG Assault Group
Selects Zeroing Artillery Barrage
Zeroing Artillery Barrage
Selects Wespe Self-propelled Artillery
Zeroing Artillery Barrage
Construct Panzergrenadier Kompanie
Nebelwerfer 42 Rocket Launcher Team
Zeroing Artillery Barrage
Marder III M Tank Destroyer